 Dungeon Crawl Stone Soup version 0.29-a0-775-g4d7333d4e2 (webtiles) character file.

Game seed: 1817277686769221338

2 jifgo the Insei (level 1, -1/13 HPs)
             Began as an Octopode Transmuter on July 2, 2022.
             Slain by a kobold
             ... wielding a +0 dagger
              (3 damage)
             ... on level 1 of the Dungeon.
             The game lasted 00:01:45 (170 turns).

jifgo the Insei (Octopode Transmuter)                Turns: 170, Time: 00:01:46

Health: -1/13      AC:  1    Str:  9    XL:     1   Next: 40%
Magic:  2/3        EV: 13    Int: 15    God:
Gold:   0          SH:  0    Dex: 12    Spells: 3/4 levels left

rFire   . . .      SeeInvis .     - Unarmed
rCold   . . .      Faith    .   (no shield)
rNeg    . . .      Spirit   .   (helmet currently unavailable)
rPois   .          Reflect  .   (no amulet)
rElec   .          Harm     .   (no ring)
rCorr   .          Rampage  .   (no ring)
Will    .....                   (no ring)
Stlth   ++........              (no ring)
HPRegen 0.04/turn               (no ring)
MPRegen 0.08/turn               (no ring)
                                (no ring)
                                (no ring)

@: appendages (expiring)
A: tentacle spike 3, almost no armour, amphibious, 8 rings, camouflage 1,
gelatinous body 1, (nimble swimmer 1), tentacles
a: End Transformation


You were on level 1 of the Dungeon.
One of your tentacles had grown a beastly spike.
You visited 1 branch of the dungeon, and saw 1 of its levels.

Inventory:

Scrolls
 b - a scroll of enchant armour {unknown}
Potions
 a - a potion of lignification
 c - a potion of brilliance {unknown}


   Skills:
 + Level 1.0 Fighting
 + Level 2.0 Dodging
 + Level 0.2 Stealth
 + Level 3.0 Unarmed Combat
 + Level 2.0 Spellcasting
 + Level 2.0 Transmutations


You had 3 spell levels left.
You knew the following spells:

 Your Spells              Type           Power      Damage    Failure   Level
x - Beastly Appendage     Tmut           14%        N/A       10%         1

Your spell library contained the following spells:

 Spells                   Type           Power      Damage    Failure   Level
 Wereblood                Tmut           7%         N/A       14%         2
 Spider Form              Tmut/Pois      4%         N/A       41%         3
 Ice Form                 Ice/Tmut       4%         N/A       82%         4


Dungeon Overview and Level Annotations

Branches:
Dungeon (1/15)

Altars:

Shops:
D:1 [


Innate Abilities, Weirdness & Mutations

One of your tentacles has grown a beastly spike.
You cannot wear most types of armour.
You are amphibious.
You can wear up to eight rings at the same time.
Your skin changes colour to match your surroundings (Stealth+).
Your rubbery body absorbs attacks. (AC +1, EV +1)
((You are camouflaged when in or above water. (Stealth+)))
You have tentacles for arms and can constrict up to eight enemies at once.


Message History

Your magical contamination has completely faded away.
You start resting.
Magic restored.
Casting: Beastly Appendage (safe; 10% risk of failure)
Confirm with . or Enter, or press ? or * to list all spells.
Okay, then.
A dart slug comes into view.
The dart slug launches a dart at you. The slug dart hits you.
The goblin shouts!
You hear a shout!
The goblin closely misses you.
You barely miss the goblin. Your grab misses the goblin. The goblin misses you.
The dart slug launches a dart at you. The slug dart hits you.
You tentacle-slap the goblin.
You kill the goblin!
A frilled lizard comes into view.
The frilled lizard hisses angrily.
The kobold closely misses you.
A hobgoblin comes into view.
The dart slug briefly extends its eye-stalks.
Casting: Beastly Appendage (safe; 10% risk of failure)
Confirm with . or Enter, or press ? or * to list all spells.
One of your tentacles grows a vicious spike.
The kobold hits you with a +0 dagger.
* * * LOW HITPOINT WARNING * * *
The kobold hits you but does no damage.
You barely miss the kobold. Your grab misses the kobold.
The kobold hits you with a +0 dagger.
* * * LOW HITPOINT WARNING * * *
You tentacle-slap the kobold but do no damage.
Your grab misses the kobold.
Your tentacle spike misses the kobold.
Your transformation is almost over.
The kobold hits you with a +0 dagger.
* * * LOW HITPOINT WARNING * * *
You tentacle-slap the kobold. You grab the kobold.
The kobold is heavily wounded.
You constrict the kobold, but do no damage.
The kobold hits you with a +0 dagger.
You die...

#...#.#.. ##..#.#.#
#......# #..#.... ###
#..##### .... #..###
..#.. #..#.#
.....##############....#
.......lK@..........>#.#
........##############.#
###.#.........# ###.###
.. #.($......# ##.....#
# ..#.........# #..###.#
..........)..# #...8...
#.##....)....# #..8.8..
#.....w......# #.8...8.
..#..........# #8..∩..8


You could see a kobold and a frilled lizard.

Vanquished Creatures
  A ball python (D:1)
  A goblin (D:1)
2 creatures vanquished.

Notes
Turn   | Place    | Note
-------+----------+-------------------------------------------
     0 | D:1      | jifgo the Octopode Transmuter began the quest for the Orb.
     0 | D:1      | Reached XP level 1. HP: 13/13 MP: 3/3
    97 | D:1      | Found Belleliu's Armour Boutique.
   170 | D:1      | Slain by a kobold

Illustrated notes

Levels and vault maps discovered:
D:1:      minmay_arrival_loop, layout_basic, serial_shops, nicolae_diamond_shop,
          kennysheep_decorative_pillar

Action                   || total
-------------------------++-------
Melee: Unarmed           ||     6
       Constrict         ||     1
 Cast: Beastly Appendage ||     3
Armor: Skin              ||     1
Dodge: Dodged            ||     3

Table legend: (Time is in decaauts)
 A = Elapsed time spent in this place.
 B = Non-inter-level travel time spent in this place.
 C = Inter-level travel time spent in this place.
 D = Time resting spent in this place.
 E = Time spent auto-exploring this place.
 F = Levels seen in this place.
 G = Mean time per level.
                   A        B        C        D        E       F      G
               +--------+--------+--------+--------+--------+-----+--------+
         Total |    169 |    169 |      0 |     20 |     85 |   1 |  169.0 |
       Dungeon |    169 |    169 |      0 |     20 |     85 |   1 |  169.0 |
               +--------+--------+--------+--------+--------+-----+--------+

Top non-repeatable levels by time:
     D:1: 169 daAuts
